 Dungeon Crawl Stone Soup version 0.13.1-28-g3517093 (webtiles) character file.

185 ProjectEKO the Ruinous (level 3, -7/24 HPs)
             Began as a Mummy Conjurer on Mar 4, 2014.
             Mangled by Sigmund
             ... wielding a +0,+0 scythe
              (8 damage)
             ... on Level 2 of the Dungeon.
             The game lasted 00:04:45 (2275 turns).

ProjectEKO the Ruinous (Mummy Conjurer)             Turns: 2275, Time: 00:04:45

HP  -7/24        AC  2     Str 11      XL: 3   Next: 30%
MP   5/5         EV 12     Int 15      God:
Gold 145         SH  0     Dex 12      Spells:  1 memorised,  3 levels left

Res.Fire  : x . .   See Invis. : .   e - +4,+0 elf whip
Res.Cold  : + . .   Warding    : .   a - +0 robe
Life Prot.: + + +   Conserve   : .   (no shield)
Res.Poison: +       Res.Corr.  : .   (no helmet)
Res.Elec. : .       Clarity    : .   (no cloak)
Sust.Abil.: . .     Spirit.Shd : .   (no gloves)
Res.Mut.  : .       Stasis     : .   (no boots)
Res.Rott. : +       Flight     : .   (no amulet)
Saprovore : . . .                    (no ring)
                                     (no ring)

@: slightly resistant to hostile enchantments, unstealthy
A: no food or potions, fire vulnerability, restore body, cold resistance 1, life
protection 3, poison resistance, torment resistance, unbreathing
a: no special abilities


You were on level 2 of the Dungeon.
You were not hungry.

You visited 1 branch of the dungeon, and saw 2 of its levels.

You collected 125 gold pieces.

Inventory:

Hand weapons
 e - a +4,+0 elven whip (weapon)
Armour
 a - a +0 robe (worn)
Scrolls
 b - a scroll of blinking {unknown}
 d - a scroll of remove curse {unknown}
 f - 2 scrolls of random uselessness {unknown}
 g - 2 scrolls of enchant weapon I {unknown}
 h - a scroll of recharging {unknown}
 i - a scroll of curse weapon {unknown}
 j - a scroll of enchant armour {unknown}
 k - a scroll of fog {unknown}
 l - a scroll of identify {unknown}
Books
 c - a book of Conjurations

   Spells                             Type                      Level
   *Magic Dart                        Conjuration                  1
   Searing Ray                        Conjuration                  2
   Dazzling Spray                     Conjuration/Hexes            3
   Iskenderun's Mystic Blast          Conjuration                  4
   Iskenderun's Battlesphere          Conjuration/Charms           4
   Fulminant Prism                    Conjuration/Hexes            5


   Skills:
 - Level 1.5 Dodging
 - Level 1.5 Stealth
 - Level 1.0 Spellcasting
 + Level 4.2 Conjurations


You had 3 spell levels left.
You knew the following spells:

 Your Spells              Type           Power        Failure   Level  Hunger
a - Magic Dart            Conj           ##..         4%          1    N/A

Dungeon Overview and Level Annotations

Branches:
Dungeon (2/27)

Altars:

Annotations:
D:2 Sigmund


Innate Abilities, Weirdness & Mutations

You do not eat or drink.
Your flesh is vulnerable to fire.
Your flesh is cold resistant.
You are immune to negative energy.
Your system is resistant to poisons.
You are immune to unholy pain and torment.
You can survive without breathing.


Message History

Sigmund shouts!
Found an emulsified blue potion.
Sigmund casts a spell at you.
You are confused.
You're too confused!
Sigmund gestures wildly while chanting.
Sigmund flickers and vanishes!
Deactivating autopickup; reactivate with Ctrl-A.
You can't drink.
The magic dart hits you! It hits you!
You see here 7 gold pieces.
You hear some strange, mumbled words.
The puff of flame hits you! The fire burns you terribly!
* * * LOW HITPOINT WARNING * * *
It hits you.
* * * LOW HITPOINT WARNING * * *
You feel less confused. It hits you!
You die...

######### ## ##### #.!.....# >#
#...####.......# #. .#
#.....##.......# #. .#
#.....##.......# ### #.
.#####.....##.......#####.#### #.
..................$........... ..
....##.....##...@......##..... #.
..#!##.....##.......##.##.# # #.
..#.##.....##.......##.##.######.
#.#.##.....######.........().....
..#.##.....#......####.##.######.
.##.##..g..#......# #........##.
. ..#.............# ##.......###
. ###.............# #.^.....# .
#......g......# #.......#


There were no monsters in sight!

Vanquished Creatures
  8 bats
  6 hobgoblins
  4 kobolds
  A ball python (D:2)
  A giant cockroach (D:1)
  A giant newt (D:1)
  6 goblins (D:1)
  A quokka (D:2)
  17 rats (D:1)
45 creatures vanquished.

Notes
Turn   | Place    | Note
--------------------------------------------------------------
     0 | D:1      | ProjectEKO, the Mummy Conjurer, began the quest for the Orb.
     0 | D:1      | Reached XP level 1. HP: 13/13 MP: 3/3
   419 | D:1      | Reached XP level 2. HP: 17/19 MP: 2/4
   921 | D:1      | Reached skill level 4 in Conjurations
  1257 | D:1      | Reached XP level 3. HP: 24/24 MP: 2/5
  2265 | D:2      | Noticed Sigmund
  2273 | D:2      | HP: 1/24 [something (1)]
  2275 | D:2      | Mangled by Sigmund

Action                   || total
-------------------------++-------
Melee: Whip              ||    15
       Unarmed           ||     5
 Cast: Magic Dart        ||    87
